AoeStats
← Pinhead Larry

Arena

508804564Analyzed
1v1 RM · 8d ago on Sep 24, 2026· 24m 29s· 2 players
Game mode
Random Map
Map size
Tiny (2 player)
Population
200
Speed
Normal
Resources
Standard
Victory
Conquest
Starting age
Dark Age
Ending age
Imperial Age
RankedLock teamsTeams togetherTeam positionsShared explorationLock speedFull tech treeHidden civsTurbo modeCheats
Victory
Defeat
🇮🇳 Mongols · India
976
+15
🇲🇽 Teutons · Mexico
953
-24
Pinhead Larry
0:26 Loom
10:44 Feudal Age
17:04 Castle Age
15:03 Horse Collar
16:24 Fletching
16:59 Double-Bit Axe
18:30 Stone Mining
19:45 Gold Mining
kaalia
10:06 Feudal Age
14:09 Castle Age
12:20 Double-Bit Axe
12:31 Horse Collar
14:23 Loom
15:12 Town Watch
18:10 Fletching
21:18 Bodkin Arrow
Connection lost

Rejoining the realm…

Still unreachable

The connection could not be restored.

Session expired

The server has moved on; the page needs a fresh start.